 Dungeon Crawl Stone Soup version 0.20.1-1-g8b1a95d (webtiles) character file.

60 vineage the Slasher (level 3, -2/46 HPs)
             Began as a Minotaur Fighter on Nov 14, 2017.
             Slain by Sigmund
             ... wielding a +0 scythe
              (10 damage)
             ... on level 2 of the Dungeon.
             The game lasted 00:01:45 (1315 turns).

vineage the Slasher (Minotaur Fighter)              Turns: 1315, Time: 00:01:47

Health: -2/46      AC:  6    Str: 26    XL:     3   Next: 80%
Magic:  2/2        EV:  7    Int:  5    God:
Gold:   83         SH:  9    Dex:  9    Spells: 2/2 levels left

rFire    . . .     SeeInvis .   a - +0 long sword
rCold    . . .     Gourm    .   c - +0 shield
rNeg     . . .     Faith    .   b - +0 scale mail
rPois    .         Spirit   .   (helmet restricted)
rElec    .         Reflect  .   (no cloak)
rCorr    .         Harm     .   (no gloves)
MR       .....     Rnd*Tele +   (no boots)
Stlth    ..........             (no amulet)
Regen    0.2/turn               i - ring of teleportation (curse)
MPRegen  0.1/turn               (no ring)

@: mighty, berserking, lethally poisoned (-2 -> -4), very slightly contaminated,
very quick
A: retaliatory headbutt, horns 2
a: no special abilities


You were on level 2 of the Dungeon.
You were not hungry.

You visited 1 branch of the dungeon, and saw 2 of its levels.

You collected 83 gold pieces.

Inventory:

Hand Weapons
 a - a +0 long sword (weapon)
Armour
 b - a +0 scale mail (worn)
 c - a +0 shield (worn)
Jewellery
 i - a cursed ring of teleportation (left hand)
 r - an uncursed amulet of faith {unknown}
 s - an uncursed amulet of magic regeneration {unknown}
Scrolls
 e - a scroll of fear
 h - a scroll of magic mapping
 p - a scroll of identify {unknown}
Potions
 d - a potion of might
 j - a potion of heal wounds {unknown}
 k - a potion of degeneration {unknown}
 l - a potion of curing {unknown}
 m - a potion of lignification {unknown}
 n - a potion of brilliance {unknown}
 q - a potion of invisibility {unknown}
Comestibles
 f - a bread ration
 t - 2 chunks of flesh


   Skills:
 - Level 3.6 Fighting
 + Level 5.0 Long Blades
 - Level 3.6 Armour
 - Level 3.6 Shields


You had 2 spell levels left.
You didn't know any spells.

Dungeon Overview and Level Annotations

Branches:
Dungeon (2/15)

Altars:
Hepliaklqana

Annotations:
D:2 Sigmund


Innate Abilities, Weirdness & Mutations

You reflexively headbutt those who attack you in melee.
You have a pair of horns on your head.


Message History

Something hits you but does no damage.
You hear some strange, mumbled words.
You are confused.
You bump into the rock wall.
You feel sick. Something hits you but does no damage.
You bump into the rock wall.
You slash something! Something hits you!
You bump into the rock wall.
Something hits you!
* * * LOW HITPOINT WARNING * * *
You miss something. Your headbutt misses something.
You feel sick. Something hits you but does no damage.
It was a potion of berserk rage.
A red film seems to cover your vision as you go berserk!
You feel yourself moving faster!
You feel mighty!
You are too berserk!
You bump into the rock wall.
You feel a strong urge to attack something.
You feel less confused. Something hits you!
You die...

###.########..........#
###.........†..####.#.#
.....######...<...#.#.#####*####
.##..........#.##.....#...##...##
###...####......###.............#
)###..........#..........).......
..##...##...#####................
............######...............
###...####......@...............#
,.............##{##.......##...##
.##..######......##########*####
,,#...,,.....#..##
,,..###*####....#*******
*,...,,,.....##<...#,,,**
,,...,,,.....*#.....S..,**
***,,,,,....,,...@<....,,*
***,>,,,...,,*.........,,*


There were no monsters in sight!

Vanquished Creatures
  3 adders (D:2)
  An ooze (D:2)
  2 leopard geckos (D:1)
  3 giant cockroaches
  6 goblins
  4 hobgoblins
  A bat (D:1)
  A frilled lizard (D:2)
  2 kobolds (D:2)
  4 rats
  A toadstool (D:1)
28 creatures vanquished.

Vanquished Creatures (others)
  3 toadstools (D:1)
3 creatures vanquished.

Grand Total: 31 creatures vanquished

Notes
Turn   | Place    | Note
-------+----------+-------------------------------------------
     0 | D:1      | vineage the Minotaur Fighter began the quest for the Orb.
     0 | D:1      | Reached XP level 1. HP: 19/19 MP: 0/0
   198 | D:1      | Reached skill level 3 in Long Blades
   317 | D:1      | Reached XP level 2. HP: 24/26 MP: 1/1
  1072 | D:2      | Reached skill level 4 in Long Blades
  1113 | D:2      | Reached XP level 3. HP: 31/31 MP: 2/2
  1142 | D:2      | Found a hazy altar of Hepliaklqana.
  1291 | D:2      | Noticed Sigmund
  1306 | D:2      | Reached skill level 5 in Long Blades
  1315 | D:2      | Slain by Sigmund

Skill      XL: |  1  2  3 |
---------------+----------+-----
Long Blades    | 3 4 5 |  5.0
Fighting       | |  3.6
Armour         | |  3.6
Shields        | |  3.6

Action                   || total
-------------------------++-------
Melee: Long sword        ||    69
       Headbutt          ||     8
  Use: Scroll            ||     4
       Potion            ||     2
  Eat: Chunk             ||     1
Armor: Scale mail        ||    29
Dodge: Dodged            ||    25
Block: Shield            ||    34
       Rpst.: Long sword ||     5
